 Dungeon Crawl Stone Soup version 0.29.1-12-g30fa7ad0bf (webtiles) character file.

Game seed: 771072189409818751

326 styxcanada the Covert (level 6, 0/32 HPs)
             Began as a Spriggan Brigand on Dec 26, 2022.
             Killed by divine providence
             ... invoked by an orc priest
              (13 damage)
             ... on level 5 of the Dungeon.
             The game lasted 00:14:07 (4167 turns).

styxcanada the Covert (Spriggan Brigand)            Turns: 4167, Time: 00:14:07

Health: 0/32       AC:  3    Str:  7    XL:     6   Next: 24%
Magic:  7/7        EV: 18    Int: 12    God:
Gold:   260        SH:  0    Dex: 19    Spells: 4/5 levels left

rFire   . . .      SeeInvis +   g - +4 dagger (venom)
rCold   . . .      Faith    .   (no shield)
rNeg    + . .      Spirit   .   b - +0 robe
rPois   .          Reflect  .   (helmet restricted)
rElec   .          Harm     .   c - +0 cloak
rCorr   .          Rampage  .   (gloves unavailable)
Will    ++...                   (boots unavailable)
Stlth   ++++......              (no amulet)
HPRegen 0.10/turn               k - ring of positive energy
MPRegen 0.10/turn               p - ring of willpower

@: very quick
A: very small, no large weapons, unfitting armour, see invisible, speed 3
a: no special abilities


You were on level 5 of the Dungeon.
You visited 1 branch of the dungeon, and saw 5 of its levels.

You collected 260 gold pieces.

Inventory:

Hand Weapons
 a - a +2 dagger
 f - a +0 short sword of electrocution
 g - a +4 dagger of venom (weapon)
 n - a +0 sling
Missiles
 d - 7 poisoned darts
 e - a curare-tipped dart (quivered)
 o - 54 stones
Armour
 b - a +0 robe (worn)
 c - a +0 cloak (worn)
Jewellery
 k - a ring of positive energy (left hand)
 p - a ring of willpower (right hand)
Scrolls
 j - 2 scrolls of identify
Potions
 h - a potion of curing
 i - 2 potions of might
 l - a potion of heal wounds {unknown}
 m - 2 potions of invisibility {unknown}
 r - 2 potions of haste {unknown}


   Skills:
 * Level 2.4 Fighting
 + Level 3.6 Short Blades
 + Level 2.5 Throwing
 * Level 3.4 Dodging
 * Level 9.0 Stealth


You had 4 spell levels left.
You knew the following spells:

 Your Spells              Type           Power      Damage    Failure   Level
a - Shock                 Conj/Air       0%         1d3       32%         1

Your spell library contained the following spells:

 Spells                   Type           Power      Damage    Failure   Level
 Sandblast                Erth           0%         2d4       32%         1
 Summon Small Mammal      Summ           0%         N/A       32%         1
 Passwall                 Tmut/Erth      0%         N/A       45%         2
 Call Canine Familiar     Summ           0%         N/A       69%         3
 Stone Arrow              Conj/Erth      0%         3d7       69%         3
 Summon Guardian Golem    Hex/Summ       0%         N/A       69%         3
 Swiftness                Air            0%         N/A       69%         3
 Airstrike                Air            0%         2d(0-16)  97%         4


Dungeon Overview and Level Annotations

Branches:
Dungeon (5/15)
 Temple: D:4-7

Altars:
Okawaru
Sif Muna
Xom

Annotations:
D:4 Jingleheimer's ghost, amateur DsFi


Innate Abilities, Weirdness & Mutations

You are very small and have problems with some larger weapons.
You are too small for most types of armour.
You have supernaturally acute eyesight. (SInv)
You cover ground extremely quickly. (Speed+++)


Message History

Fire: n) +0 sling
Press: ? - help, Q - select action, (/) - cycle Shift-Dir - straight line, f/p - necrophage
Aim: a necrophage (moderately damaged, 59% to hit)
You shoot a sling bullet.
The sling bullet completely misses the necrophage.
Unknown command.
Fire: n) +0 sling
Press: ? - help, Q - select action, (/) - cycle Shift-Dir - straight line, f/p - necrophage
Aim: a necrophage (moderately damaged, 59% to hit)
You shoot a sling bullet. The sling bullet hits the necrophage!
The necrophage is heavily damaged.
Unknown command.
Fire: n) +0 sling
Press: ? - help, Q - select action, (/) - cycle Shift-Dir - straight line, f/p - necrophage
Aim: a necrophage (heavily damaged, 59% to hit)
You shoot a sling bullet.
The sling bullet closely misses the necrophage.
An orc priest comes into view. It is wielding a +0 hand axe.
The orc priest invokes the aid of Beogh against you.
Beogh smites you!
* * * LOW HITPOINT WARNING * * *
You hear a shout!
An orc wizard and an orc come into view.
You feel better.
The orc wizard shouts!
You hear a shout! x2
Okay, then.
Your +4 dagger of venom begins to drip with poison!
g - a +4 dagger of venom (weapon)
An orc comes into view. It is wielding a +0 hand axe.
You hit the orc priest.
The orc priest is poisoned.
The orc priest is heavily wounded.
The orc priest hits you with a +0 hand axe.
You hit the orc wizard.
The orc wizard is poisoned.
The orc wizard is moderately wounded.
You barely miss the orc priest.
The orc priest is heavily wounded.
The orc wizard closely misses you.
The orc priest calls down the wrath of Beogh upon you.
Beogh smites you!
You die...

..................##
##...............#.#
#.......####...#..#
##.####### #..#...#
...# #####...## ##.#
# ..#....## #.#
..o#..#...# #.#
..#...o#..# ##.#
#..o.o@#.# ...#
#...##....# #.##
#### ###### #.# #.+
###


You could see an orc priest (very poisoned), an orc wizard (very poisoned) and 2
orcs.

Vanquished Creatures
  An ogre (D:4)
  An orc priest (D:3)
  Jessica (D:3)
  2 orc wizards (D:3)
  A gnoll (D:3)
  2 adders
  An ufetubus (D:4)
  A worm (D:3)
  A dart slug (D:4)
  7 orcs
  10 bats
  8 endoplasms
  3 giant cockroaches
  6 goblins
  13 hobgoblins
  7 jackals
  7 kobolds
  6 ball pythons
  6 frilled lizards
  5 rats
89 creatures vanquished.

Notes
Turn   | Place    | Note
-------+----------+-------------------------------------------
     0 | D:1      | styxcanada the Spriggan Brigand began the quest for the
                  | Orb.
     0 | D:1      | Reached XP level 1. HP: 10/10 MP: 2/2
    21 | D:1      | Reached skill level 6 in Stealth
   118 | D:1      | Reached XP level 2. HP: 11/14 MP: 3/3
   928 | D:2      | Reached XP level 3. HP: 18/18 MP: 4/4
  1064 | D:2      | Found a faded altar of an unknown god.
  1287 | D:2      | Found a shimmering blue altar of Sif Muna.
  2090 | D:3      | Reached skill level 7 in Stealth
  2411 | D:3      | Noticed Jessica
  2412 | D:3      | Killed Jessica
  2413 | D:3      | Reached XP level 4. HP: 23/23 MP: 5/5
  2646 | D:3      | Reached skill level 8 in Stealth
  2646 | D:3      | Reached XP level 5. HP: 26/26 MP: 6/6
  2833 | D:3      | Learned a level 1 spell: Shock
  2950 | D:3      | Found an iron altar of Okawaru.
  3382 | D:4      | Noticed an ogre
  3454 | D:4      | Killed an ogre
  3455 | D:4      | Reached XP level 6. HP: 31/31 MP: 7/7
  3553 | D:4      | Found a runed translucent door.
  3553 | D:4      | Noticed Jingleheimer's ghost (amateur DsFi)
  3687 | D:4      | Found a shimmering altar of Xom.
  3764 | D:4      | Reached skill level 9 in Stealth
  4065 | D:5      | Entered Level 5 of the Dungeon
  4167 | D:5      | Killed from afar by an orc priest

Illustrated notes

Levels and vault maps discovered:
D:1:      dpeg_arrival_erosion, layout_basic
D:2:      layout_loops_ring, basic_altar, ebering_ecumenical_altar_mist
D:3:      layout_loops_ring, okawaru_altar_gauntlet_db, st_stairs_2,
          minmay_misc_feat_plants, uniq_jessica
D:4:      layout_basic, tgw_xom, gammafunk_ghost_grave, minivault_11
D:5:      cheibrodos_two_vegetables, layout_basic,
          mainiacjoe_overflow_tiny_flanked, hangedman_decor_slide_cut

Skill      XL: |  1  2  3  4  5  6 |
---------------+-------------------+-----
Stealth        | 6 7 8 9 |  9.0
Dodging        | 2 3 |  3.4
Fighting       | 2 |  2.4
Short Blades   | 3 |  3.6
Throwing       | |  2.5

Action                   |  1- 3 |  4- 6 || total
-------------------------+-------+-------++-------
Melee: Dagger            |   109 |    95 ||   204
       Punch             |     1 |     1 ||     2
 Fire: Sling             |       |     6 ||     6
Throw: Dart              |    14 |    12 ||    26
  Use: Scroll            |     4 |     5 ||     9
       Potion            |       |     1 ||     1
 Stab: Sleeping          |    11 |     9 ||    20
       Distracted        |       |     1 ||     1
Armor: Robe              |    16 |    18 ||    34
Dodge: Dodged            |    59 |    48 ||   107
